 Dungeon Crawl Stone Soup version 0.28.0 (webtiles) character file.

Game seed: 668623408486496019

638 Gabide the Magician (level 7, -20/50 HPs)
             Began as a Mummy Necromancer on Feb 15, 2022.
             Killed from afar by Ijyb (34 damage)
             ... with a bolt of acid
             ... on level 4 of the Dungeon.
             The game lasted 00:12:52 (3947 turns).

Gabide the Magician (Mummy Necromancer)             Turns: 3947, Time: 00:12:52

Health: -20/50     AC:  2    Str: 11    XL:     7   Next: 25%
Magic:  2/16       EV: 27    Int: 17    God:
Gold:   72         SH:  0    Dex: 12    Spells: 11/19 levels left

rFire   x . .      SeeInvis .   b - +2 dagger (venom)
rCold   + . .      Faith    .   (no shield)
rNeg    + + +      Spirit   .   a - +0 robe
rPois   ∞          Reflect  .   (no helmet)
rElec   .          Harm     .   (no cloak)
rCorr   .          Rampage  .   (no gloves)
Will    .....                   (no boots)
Stlth   ++........              c - amulet of the acrobat
HPRegen 0.16/turn               (no ring)
MPRegen 0.15/turn               (no ring)

@: acrobatic
A: cold resistance 1, negative energy resistance 3, torment resistance 2, heat
vulnerability 1, no potions
a: no special abilities


You were on level 4 of the Dungeon.
You visited 1 branch of the dungeon, and saw 4 of its levels.

You collected 72 gold pieces.

Inventory:

Hand Weapons
 b - a +2 dagger of venom (weapon)
Armour
 a - a +0 robe (worn)
Jewellery
 c - an amulet of the acrobat (around neck)
Wands
 j - a wand of mindburst (10)
 k - a wand of digging (4)
Scrolls
 d - 2 scrolls of enchant weapon
 e - a scroll of noise
 f - a scroll of fog
 i - 2 scrolls of teleportation


   Skills:
 * Level 2.2 Fighting
 * Level 2.4 Dodging
 + Level 1.7 Stealth
 * Level 6.6 Spellcasting
 * Level 6.2 Necromancy
 + Level 0.2 Evocations


You had 11 spell levels left.
You knew the following spells:

 Your Spells              Type           Power      Damage    Failure   Level
a - Pain                  Necr           100%       1d9       1%          1
b - Vampiric Draining     Necr           27%        2d7       2%          3
c - Animate Dead          Necr           13%        N/A       9%          4

Your spell library contained the following spells:

 Spells                   Type           Power      Damage    Failure   Level
 Animate Skeleton         Necr           54%        N/A       1%          1
 Apportation              Tloc           10%        N/A       12%         1
 Summon Small Mammal      Summ           20%        N/A       12%         1
 Agony                    Necr           27%        N/A       26%         5
 Summon Hydra             Summ           2%         N/A       100%        7
 Sublimation of Blood     Necr           Unusable   N/A       N/A         2
 Wereblood                Tmut           Unusable   N/A       N/A         2

Dungeon Overview and Level Annotations

Branches:
Dungeon (4/15)
 Temple: D:4-7

Altars:
Makhleb

Shops:
D:1 (

Annotations:
D:4 Ijyb


Innate Abilities, Weirdness & Mutations

You are immune to poison.
Your flesh is cold resistant. (rC+)
You are immune to negative energy. (rN+++)
You are immune to unholy pain and torment.
You are vulnerable to heat. (rF-)
You do not drink.


Message History

Orders for allies: a - Attack new target. p - Attack previous target. r - Retreat! s - Stop attacking. g - Guard the area. f - Follow me.
Anything else - Cancel.
Gang up on whom?
Press: ? - help, Dir - move target, f/p - orc priest
Aim: an orc priest, wielding a +0 mace (ally target) Attack!
The orc priest barely misses you.
Something unseen opens the door.
Your orc zombie barely misses something.
Ijyb hits your orc zombie with a +2 spectral club.
Aiming: Pain (safe; 1% risk of failure)
Press: ? - help, Q - select action, (/) - cycle Shift-Dir - straight line, f/p - orc priest
Aim: an orc priest, wielding a +0 mace (ally target, chance to affect: 83%)
The orc priest writhes in agony.
The orc priest barely misses you.
You hit the orc priest but do no damage.
The orc priest is moderately wounded.
The orc priest completely misses you.
You closely miss the orc priest.
The orc priest is moderately wounded.
The orc priest hits you with a +0 mace.
Your orc zombie hits the orc but does no damage.
Ijyb hits your orc zombie with a +2 spectral club.
Your orc zombie is destroyed!
You hit the orc priest.
The orc priest is poisoned.
The orc priest is moderately wounded.
The orc priest barely misses you.
You hit the orc priest.
The orc priest looks as sick as possible!
The orc priest is severely wounded.
The orc priest hits you with a +0 mace.
* * * LOW HITPOINT WARNING * * *
You kill the orc priest!
Ijyb zaps a wand.
The bolt of acid hits the orc!
The acid corrodes the orc!
The orc dies!
The bolt of acid misses you.
Ijyb zaps a wand.
The bolt of acid hits you!!
Ouch! That really hurt!
You die...

#.# #.# #.# #.# . #.# #.# . #.###
#.# .. #...# #.# g. # #[### #.#
... #. #.# #.#########
...#####'########.## #.......<.#
...')....).g)...@.>#####...######
...#......{####+#......)._.#
#...............÷.###...#
#.................# #...#
##................# #.###
#....#...........# #.#######
#....#...........# #.#.....#
#....##..........# #.#.###.#
#....##........### #...# #.#


You could see Ijyb.

Vanquished Creatures
  Grinder (D:3)
  Sigmund (D:2)
  A black bear (D:4)
  A hound (D:2)
  An orc priest (D:4)
  4 adders
  An adder skeleton (D:4)
  2 worms (D:2)
  A dart slug (D:2)
  4 orcs
  5 endoplasms
  4 giant cockroaches (D:1)
  9 goblins
  7 hobgoblins
  4 jackals (D:2)
  6 kobolds
  3 quokkas
  6 ball pythons
  5 bats
  A frilled lizard (D:1)
  5 rats
72 creatures vanquished.

Vanquished Creatures (others)
  An orc (D:4)
1 creature vanquished.

Grand Total: 73 creatures vanquished

Notes
Turn   | Place    | Note
-------+----------+-------------------------------------------
     0 | D:1      | Gabide the Mummy Necromancer began the quest for the Orb.
     0 | D:1      | Reached XP level 1. HP: 13/13 MP: 4/4
   206 | D:1      | Found a faded altar of an unknown god.
   292 | D:1      | Reached XP level 2. HP: 19/19 MP: 1/5
   414 | D:1      | Found Xotecur's Weapon Boutique.
  1149 | D:1      | Reached XP level 3. HP: 24/24 MP: 2/7
  1522 | D:2      | Noticed Sigmund
  1713 | D:2      | Learned a level 3 spell: Vampiric Draining
  1728 | D:2      | Reached XP level 4. HP: 25/31 MP: 3/10
  1787 | D:2      | Learned a level 4 spell: Animate Dead
  1802 | D:2      | HP: 1/31 [Sigmund/magic dart (7)]
  2327 | D:2      | Reached skill level 5 in Necromancy
  2401 | D:2      | Killed Sigmund
  2402 | D:2      | Reached skill level 1 in Fighting
  2402 | D:2      | Reached skill level 5 in Spellcasting
  2402 | D:2      | Reached XP level 5. HP: 25/37 MP: 10/12
  2839 | D:2      | Reached XP level 6. HP: 39/43 MP: 10/14
  3102 | D:3      | Noticed Grinder
  3116 | D:3      | Killed Grinder
  3596 | D:4      | Found a burning altar of Makhleb.
  3724 | D:4      | Reached XP level 7. HP: 41/50 MP: 3/16
  3929 | D:4      | Noticed Ijyb
  3947 | D:4      | Killed from afar by Ijyb

Illustrated notes

Levels and vault maps discovered:
D:1:      evilmike_arrival_grusome_pit, layout_basic,
          shapermc_ecumenical_altar_mp_ritualfount, serial_shops,
          nicolae_shop_bloodbath_and_beyond, minmay_split_cup_large
D:2:      layout_loops_ring, uniq_sigmund
D:3:      layout_loops_ring, uniq_grinder
D:4:      layout_basic, bloody_makhleb, minmay_temple_entry_junction,
          serial_shops, nicolae_shop_stone, minmay_manual_monstrance,
          uniq_crazy_yiuf_cottage, uniq_ijyb, uniq_pikel, uniq_edmund

Skill      XL: |  1  2  3  4  5  6 |
---------------+-------------------+-----
Spellcasting   | 3 4 5 6 |  6.6
Necromancy     | 5 6 |  6.2
Fighting       | 1 2 |  2.2
Dodging        | 2 |  2.4
Stealth        | |  1.7
Evocations     | |  0.2

Action                   |  1- 3 |  4- 6 |  7- 9 || total
-------------------------+-------+-------+-------++-------
Melee: Unarmed           |     4 |       |       ||     4
       Dagger            |       |     6 |     5 ||    11
 Cast: Pain              |    69 |    58 |     7 ||   134
       Animate Dead      |       |     1 |     1 ||     2
       Vampiric Draining |       |     3 |     5 ||     8
Evoke: Wand              |       |     9 |       ||     9
  Use: Scroll            |     1 |     6 |       ||     7
Armor: Robe              |     3 |     4 |       ||     7
Dodge: Dodged            |    10 |    12 |     9 ||    31
